 Dungeon Crawl Stone Soup version 0.31-a0-83-gbff143cfd1 (webtiles) character file.

Game seed: 14479906020830001425

72747 tsouns the Warrior (level 15, -6/132 (136) HPs)
             Began as a Pale Draconian Hunter on May 25, 2023.
             Was the Champion of Okawaru.
             Mangled by an orc warlord
             ... wielding a +2 battleaxe of draining
              (21 damage)
             ... on level 2 of the Orcish Mines.
             The game lasted 00:52:36 (21480 turns).

tsouns the Warrior (Pale Draconian Hunter)         Turns: 21480, Time: 00:52:37

HP:   -6/132 (136)  AC: 18    Str: 18    XL:     15   Next: 2%
MP:   25/25         EV: 21    Int: 15    God:    Okawaru [******]
Gold: 2161          SH:  0    Dex: 19    Spells: 14/14 levels left

rFire   . . .        W - +6 arbalest "Lidifrus" {speed, rElec rN+ Str-3 Dex+4}
rCold   + . .        (shield currently unavailable)
rNeg    + . .        (body armour unavailable)
rPois   .            d - +1 hat {SInv}
rElec   +            F - +1 cloak
rCorr   .            Y - +2 pair of gloves {Stlth+}
SInv    +            S - +2 pair of boots {Fly}
Will    +....        l - amulet of the acrobat
Stlth   +++++++      u - ring of protection from cold
HPRegen 0.42/turn    T - +6 ring of strength
MPRegen 0.19/turn

%: acrobat
@: short of breath, heroic, flying, lightly drained
A: breathe steam, AC +9, unfitting armour, cold-blooded, steam resistance,
antennae 1, frail 1, MP-powered wands
a: Breathe Steam, Renounce Religion, Heroism, Finesse, Duel


You were on level 2 of the Orcish Mines.
You worshipped Okawaru.
Okawaru was exalted by your worship.
You visited 3 branches of the dungeon, and saw 20 of its levels.
You also visited: Volcano.

You collected 2822 gold pieces.
You spent 643 gold pieces at shops.
You donated 18 gold pieces to Zin.

Inventory:

Hand Weapons
 R - a +3 longbow of flaming
 W - the +6 arbalest "Lidifrus" (weapon) {speed, rElec rN+ Str-3 Dex+4}
   (You found it on level 5 of the Lair of Beasts)

   Str:       It affects your strength (-3).
   Dex:       It affects your dexterity (+4).
   rElec:     It insulates you from electricity.
   rN:        It protects you from negative energy.
Missiles
 E - 7 javelins
Armour
 d - a +1 hat of see invisible (worn)
 o - the scarf "Aluhuytu" {shadows, rF++ Int-4 Dex+4}
   (Okawaru gifted it to you on level 3 of the Lair of Beasts)

   Int:       It affects your intelligence (-4).
   Dex:       It affects your dexterity (+4).
   rF:        It greatly protects you from fire.
 F - a +1 cloak (worn)
 S - a +2 pair of boots of flying (worn)
 Y - a +2 pair of gloves of stealth (worn)
Jewellery
 j - a ring of resist corrosion
 l - an amulet of the acrobat (around neck)
 u - a ring of protection from cold (left hand)
 w - a ring of fire
 M - a ring of positive energy
 T - a +6 ring of strength (right hand)
Wands
 p - a wand of mindburst (25)
 s - a wand of paralysis (27)
 C - a wand of digging (6)
 V - a wand of light (4)
Scrolls
 b - 4 scrolls of immolation
 c - 5 scrolls of poison
 g - 7 scrolls of blinking
 h - 6 scrolls of identify
 i - 6 scrolls of teleportation
 q - 2 scrolls of noise
 r - 5 scrolls of fear
 t - 2 scrolls of brand weapon
 x - a scroll of summoning
 y - 5 scrolls of amnesia
 I - 3 scrolls of vulnerability
 O - 3 scrolls of magic mapping
 P - 2 scrolls of fog
 Q - a scroll of enchant armour
 U - a scroll of torment
Potions
 a - 3 potions of invisibility
 e - a potion of cancellation
 f - 9 potions of curing
 k - 8 potions of heal wounds
 n - 5 potions of haste
 z - 5 potions of brilliance
 A - 6 potions of lignification
 B - 4 potions of magic
 D - 2 potions of might
 J - a potion of ambrosia
 K - 2 potions of enlightenment
 L - 2 potions of attraction


   Skills:
 + Level 19.0(24.0) Fighting
 + Level 14.8(19.8) Ranged Weapons
 + Level 8.9(13.9) Dodging
 + Level 9.5(14.5) Stealth
 + Level 13.6 Invocations


You had 14 spell levels left.
You didn't know any spells.
Your spell library contained the following spells:

 Spells                   Type           Power      Damage    Failure   Level
 Freeze                   Ice            0%         1d3       26%         1
 Magic Dart               Conj           0%         1d3       26%         1
 Lesser Beckoning         Tloc           0%         N/A       38%         2
 Dazzling Flash           Conj/Hex       0%         N/A       63%         3
 Frozen Ramparts          Ice            0%         1d1       63%         3
 Gell's Gravitas          Tloc           0%         N/A       63%         3
 Hailstorm                Conj/Ice       0%         3d3       63%         3
 Mephitic Cloud           Conj/Pois/Air  0%         N/A       63%         3
 Teleport Other           Tloc           0%         N/A       63%         3
 Volatile Blastmotes      Fire/Tloc      0%         2d10      63%         3
 Fulminant Prism          Conj/Hex       0%         3d5       95%         4
 Ice Form                 Ice/Tmut       0%         N/A       95%         4
 Iskenderun's Mystic Bla  Conj/Tloc      0%         2d3       95%         4
 Lee's Rapid Deconstruct  Erth           0%         3d4*      100%        5
 Starburst                Conj/Fire      0%         6d3       100%        6
 Call Imp                 Summ           Unusable   N/A       N/A         2
 Summon Ice Beast         Ice/Summ       Unusable   N/A       N/A         4

Dungeon Overview and Level Annotations

Branches:
Dungeon (13/15)            Temple (0/1) D:7            Lair (5/5) D:9
 Shoals (0/4) Lair:2        Snake (0/4) Lair:2        Slime (0/5) Lair:5
    Orc (2/2) D:11         Vaults (0/5) D:13        Volcano (visited)
    Elf: Orc:2

Altars:
Ashenzari
Cheibriados
Dithmenos
Elyvilon
Gozag
Makhleb
Nemelex Xobeh
Okawaru
Trog
Vehumet
Xom
Zin
The Shining One

Shops:
Orc:1 **[?*

Portals:
Trove: D:10 (give 7 scrolls of fear)

Annotations:
D:13 2 transporters, givingin's ghost, journeyman FeSu
Lair:1 1 runed translucent door, Aketubro's ghost, journeyman MiFi
Lair:4 3 runed translucent doors, Qejahyen's ghost, journeyman AtMo


Innate Abilities, Weirdness & Mutations

You can breathe blasts of scalding, opaque steam.
Your pale cyan-grey scales are hard. (AC +9)
You cannot fit into any form of body armour.
You are cold-blooded and may be slowed by cold attacks.
You are immune to the effects of steam.
You have a pair of small antennae on your head.
You are frail. (-10% HP)
You expend magic power (3 MP) to strengthen your wands.


Message History

Aim: an orc warlord, wielding a +2 battleaxe of draining and wearing a +0 chain mail (severely wounded, strong, 81% to hit)
You shoot a bolt. The bolt hits the orc warlord!
The orc warlord is almost dead.
Unknown command.
Fire: W) +6 arbalest "Lidifrus" {speed, rElec rN+ Str-3 Dex+4}
Press: ? - help, Q - select action, (/) - cycle Shift-Dir - straight line, f/p - orc warlord
Aim: an orc warlord, wielding a +2 battleaxe of draining and wearing a +0 chain mail (almost dead, strong, 81% to hit)
You shoot a bolt.
The bolt hits the orc warlord but does no damage.
The orc warlord is almost dead.
The orc warrior misses you.
The orc warlord hits you with a +2 battleaxe of draining!!
You partially resist.
You feel drained.
Unknown command.
Fire: W) +6 arbalest "Lidifrus" {speed, rElec rN+ Str-3 Dex+4}
Press: ? - help, Q - select action, (/) - cycle Shift-Dir - straight line, f/p - orc warlord
Aim: an orc warlord, wielding a +2 battleaxe of draining and wearing a +0 chain mail (almost dead, strong, 81% to hit)
You shoot a bolt.
The bolt closely misses the orc warlord.
An orc priest comes into view. It is wielding a +0 short sword.
An orc comes into view. It is wielding a +0 club.
The orc warrior hits you with a +0 mace!
The orc warrior closely misses you.
The orc warlord roars a battlecry!
The orc goes into a battle-frenzy!
Unknown command.
Aiming: Breathe Steam (1% risk of failure)
Press: ? - help, Shift-Dir - straight line, f/p - orc warlord
Aim: an orc warlord, wielding a +2 battleaxe of draining and wearing a +0 chain mail (almost dead, strong, 81% to hit)
You exhale a blast of scalding steam.
The ball of steam hits the orc warlord!
The orc warlord is almost dead.
The orc warrior no longer looks unusually strong.
The orc warrior hits you with a +0 mace!
* * * LOW HITPOINT WARNING * * *
An orc wizard comes into view. It is wielding a +0 dagger.
The orc warrior hits you from afar with a +0 glaive!!
* * * LOW HITPOINT WARNING * * *
The orc warlord is engulfed in a cloud of scalding steam.
The orc warlord hits you with a +2 battleaxe of draining!!
You die...

####..........#
#..#........##
####.......## ## ######
##......## ...#.#..#
#####........### o..#..).$
#.#..........#..
o).o)...####.#.............
....o.))o#o##....<.#.......
..).))o))o@........###.....
....o))).##......#####.....
o.....^..........#.#.......
...#.#......#..............
# ##.#....#...........#.
#####.###..........##
####..........#.#
#..).......###
###.......###


You could see an orc warlord (strong), 2 orc warriors, an orc priest (strong), 2
orc wizards and an orc (strong).

Vanquished Creatures
  Gastronok (D:9)
  Kirke (Lair:4)
  A fire dragon (Volcano)
  4 vault guards (D:13)
  5 hydras
  A centaur warrior (D:13)
  2 catoblepae
  2 boulder beetles
  A hell hog (Volcano)
  2 two-headed ogres
  5 death yaks (Lair:5)
  4 orc high priests
  A deep elf knight (D:13)
  2 skysharks (Lair:5)
  Amaemon (Lair:2)
  4 slime creatures (D:12)
  A deep elf archer (D:13)
  4 orc knights
  Pikel (D:4)
  3 ugly things
  6 orc sorcerers
  4 manticores
  3 elephants (Lair:4)
  3 black mambas (Lair:4)
  A merfolk siren (Lair:2)
  2 torpor snails
  2 gargoyles (D:12)
  An orange demon (Lair:2)
  Maggie (D:7)
  3 kobold demonologists (D:12)
  6 rime drakes
  16 cane toads
  2 unseen horrors
  10 komodo dragons
  A meliai (shapeshifter) (D:13)
  4 trolls
  2 tyrant leeches (Lair:5)
  2 polar bears
  A polar bear (shapeshifter) (D:11)
  22 blink frogs
  2 shadows (D:11)
  7 hogs (Lair:4)
  5 wyverns
  3 wraiths
  3 basilisks
  8 fire bats (Volcano)
  34 yaks
  A steam dragon (D:9)
  18 vampire mosquitoes
  A warg (Orc:2)
  3 nagas (Lair:2)
  13 water moccasins
  2 hell hounds (Volcano)
  26 orc warriors
  3 ice beasts
  4 black bears
  15 wolves
  5 centaurs
  2 ogres
  A lemure (D:5)
  A phantom (D:11)
  17 bullfrogs
  3 kobold brigands
  2 scorpions
  A gnoll sergeant (D:9)
  5 wights (D:5)
  20 killer bees
  2 troll zombies (D:11)
  2 electric eels (Lair:5)
  2 howler monkeys (D:9)
  11 lava snakes
  29 orc priests
  2 jellies
  6 hounds
  A gnoll bouda (D:6)
  4 sleepcaps
  An iron imp (D:6)
  Jessica (D:2)
  3 iguanas
  28 orc wizards
  6 ogre zombies (D:11)
  13 gnolls
  9 adders
  A shadow imp (D:7)
  A white imp (D:8)
  4 worms
  5 dart slugs
  89 orcs
  9 bats
  9 endoplasms
  5 giant cockroaches
  11 goblins
  9 hobgoblins
  7 quokkas
  4 ball pythons
  2 frilled lizards
  3 goblin skeletons
  3 goblin zombies (D:11)
  A hobgoblin skeleton (D:11)
  A hobgoblin zombie (D:11)
  21 kobolds
  2 kobold zombies (D:6)
  6 orc skeletons (D:11)
  15 orc zombies
  9 rats
680 creatures vanquished.

Vanquished Creatures (others)
  An orc wizard (D:12)
1 creature vanquished.

Grand Total: 681 creatures vanquished

Notes
Turn   | Place    | Note
-------+----------+-------------------------------------------
     0 | D:1      | tsouns the Draconian Hunter began the quest for the Orb.
     0 | D:1      | Reached XP level 1. HP: 17/17 MP: 1/1
   143 | D:1      | Reached XP level 2. HP: 25/25 MP: 2/2
   530 | D:1      | Reached XP level 3. HP: 30/30 MP: 3/3
   817 | D:2      | Noticed Jessica
   820 | D:2      | Killed Jessica
   821 | D:2      | Reached skill level 3 in Fighting
   980 | D:2      | Reached XP level 4. HP: 36/38 MP: 4/4
  1313 | D:2      | Reached skill level 5 in Ranged Weapons
  1514 | D:2      | Reached XP level 5. HP: 17/46 MP: 5/5
  1704 | D:2      | Found a shimmering altar of Xom.
  1710 | D:2      | Found a faded altar of an unknown god.
  1721 | D:2      | Prayed at the altar of an unknown god.
  1721 | D:2      | Became a worshipper of Zin the Law-Giver
  1721 | D:2      | Reached * piety under Zin
  1721 | D:2      | Reached ** piety under Zin
  1977 | D:2      | Reached skill level 4 in Fighting
  2178 | D:3      | Found a broken altar of Ashenzari.
  2194 | D:3      | Found an iron altar of Okawaru.
  2233 | D:3      | Fell from the grace of Zin
  2233 | D:3      | Became a worshipper of Warmaster Okawaru
  3075 | D:4      | Reached skill level 1 in Invocations
  3075 | D:4      | Reached XP level 6. HP: 52/52 MP: 6/6
  3432 | D:4      | Found a sparkling altar of Nemelex Xobeh.
  3628 | D:5      | Entered Level 5 of the Dungeon
  3633 | D:5      | Reached * piety under Okawaru
  3702 | D:5      | Found a radiant altar of Vehumet.
  3702 | D:5      | Noticed Pikel
  3751 | D:5      | HP: 2/55 [Pikel/+2 whip of flaming (4)]
  3801 | D:4      | Killed Pikel
  3802 | D:4      | Reached skill level 6 in Fighting
  3802 | D:4      | Your scales start taking on a pale cyan-grey colour.
  3802 | D:4      | Reached XP level 7. HP: 8/63 MP: 7/9
  3802 | D:4      | Gained mutation: You are immune to the effects of steam.
                  | [Pale Draconian growth]
  3846 | D:4      | Reached ** piety under Okawaru
  4051 | D:5      | Reached XP level 8. HP: 61/71 MP: 8/10
  4064 | D:5      | Reached skill level 7 in Fighting
  4637 | D:5      | Found a bloodstained altar of Trog.
  4887 | D:6      | Reached skill level 8 in Fighting
  4915 | D:6      | Found a glowing golden altar of the Shining One.
  5158 | D:6      | Reached skill level 5 in Invocations
  5353 | D:6      | Gained mutation: You are frail. (-10% HP) [potion of
                  | mutation]
  5353 | D:6      | Gained mutation: You expend magic power (3 MP) to
                  | strengthen your wands. [potion of mutation]
  5353 | D:6      | Gained mutation: You have hidden genetic potential. [potion
                  | of mutation]
  5414 | D:6      | Reached XP level 9. HP: 24/73 MP: 11/13
  5846 | D:7      | Reached skill level 9 in Fighting
  6264 | D:7      | Found an opulent altar of Gozag.
  6334 | D:7      | Found a staircase to the Ecumenical Temple.
  6394 | D:7      | Found a shimmering altar of Xom.
  6430 | D:7      | Noticed Maggie
  6448 | D:7      | Killed Maggie
  6456 | D:7      | Gained mutation: You have a pair of small antennae on your
                  | head. [hidden potential]
  6715 | D:7      | Identified the +8 spear "Mewneug" {elec, SInv}
  6737 | D:7      | Reached skill level 10 in Fighting
  6841 | D:8      | Reached skill level 10 in Ranged Weapons
  7006 | D:8      | Reached *** piety under Okawaru
  7022 | D:8      | Reached XP level 10. HP: 29/84 MP: 15/15
  7258 | D:8      | Reached skill level 11 in Fighting
  7466 | D:8      | Found a white marble altar of Elyvilon.
  8224 | D:9      | Noticed a two-headed ogre
  8228 | D:9      | Gained mutation: Your spells are a little harder to cast,
                  | but a little more powerful. [hidden potential]
  8228 | D:9      | Lost mutation: You have hidden genetic potential. [hidden
                  | potential expressed]
  8231 | D:9      | Killed a two-headed ogre
  8244 | D:9      | Reached **** piety under Okawaru
  8245 | D:9      | Reached skill level 12 in Fighting
  8484 | D:9      | Reached ***** piety under Okawaru
  8723 | D:9      | Received a gift from Okawaru
  8726 | D:9      | Reached XP level 11. HP: 82/95 MP: 17/17
  8849 | D:9      | Identified 2 scrolls of acquirement
  8849 | D:9      | Acquired a manual of Fighting
  8852 | D:9      | Acquired 907 gold pieces
  8987 | D:9      | Found a staircase to the Lair.
  9045 | D:9      | Found a snail-covered altar of Cheibriados.
  9077 | D:9      | Noticed Gastronok
  9093 | D:9      | Killed Gastronok
  9093 | D:9      | Received a gift from Okawaru
  9094 | D:9      | Reached skill level 13 in Fighting
  9188 | D:9      | Found a shadowy altar of Dithmenos.
  9403 | D:9      | Reached skill level 1 in Stealth
  9583 | D:10     | Entered Level 10 of the Dungeon
 10102 | D:10     | Found a portal to a secret trove of treasure.
 10214 | D:11     | Noticed a green ugly thing
 10225 | D:11     | Killed a green ugly thing
 10492 | D:11     | Found a staircase to the Orcish Mines.
 10808 | D:11     | Reached skill level 14 in Fighting
 10819 | D:11     | Found a white marble altar of Elyvilon.
 11353 | D:12     | Reached skill level 10 in Invocations
 11703 | D:12     | Noticed a purple ugly thing
 11709 | D:12     | Killed a purple ugly thing
 11710 | D:12     | Reached XP level 12. HP: 106/106 MP: 19/19
 11718 | D:12     | Identified the +5 halberd "Woexzobb" {heavy, Int+2}
                  | (Okawaru gifted it to you on level 12 of the Dungeon)
 11718 | D:12     | Received a gift from Okawaru
 11862 | D:12     | Identified the +0 scale mail of the Heavens {Str+2 Int+5}
 12039 | D:12     | Noticed a boulder beetle
 12068 | D:12     | Killed a boulder beetle
 12383 | D:12     | Reached skill level 15 in Fighting
 12619 | D:12     | Reached skill level 5 in Stealth
 12621 | D:12     | Reached skill level 5 in Dodging
 12710 | D:13     | Noticed a boulder beetle
 12730 | D:13     | Killed a boulder beetle
 12730 | D:13     | Reached ****** piety under Okawaru
 12861 | D:13     | Noticed a six-headed hydra
 12873 | D:13     | Killed a six-headed hydra
 12873 | D:13     | Identified the +5 shortbow "Natrafil" {flame, Int+6}
                  | (Okawaru gifted it to you on level 13 of the Dungeon)
 12873 | D:13     | Received a gift from Okawaru
 12994 | D:13     | Noticed a boulder beetle
 12994 | D:13     | Noticed a centaur warrior
 12997 | D:13     | Noticed a centaur warrior
 12999 | D:13     | Noticed a fire giant
 13000 | D:13     | Noticed givingin's ghost (journeyman FeSu)
 13004 | D:13     | Noticed a centaur warrior
 13008 | D:13     | Killed a centaur warrior
 13010 | D:13     | Found a transporter.
 13291 | D:13     | Noticed a fire giant
 13291 | D:13     | Noticed a deep elf high priest
 13293 | D:13     | Noticed a centaur warrior
 13377 | D:13     | Noticed a vault guard
 13399 | D:13     | Noticed a vault guard
 13413 | D:13     | Killed a vault guard
 13688 | D:13     | Found a transporter.
 13713 | D:13     | Killed a vault guard
 13975 | D:13     | Found a gate to the Vaults.
 13975 | D:13     | Noticed a vault guard
 13975 | D:13     | Noticed a vault guard
 13990 | D:13     | Killed a vault guard
 13991 | D:13     | Reached skill level 16 in Fighting
 13991 | D:13     | Reached XP level 13. HP: 27/115 MP: 21/21
 14557 | Lair:1   | Entered Level 1 of the Lair of Beasts
 14557 | Lair:1   | Identified the +10 trident "Impbane" {distort, rElec rPois
                  | Will+ SInv}
 14557 | Lair:1   | Found a runed translucent door.
 14568 | Lair:1   | Received a gift from Okawaru
 15169 | Lair:1   | Noticed Aketubro's ghost (journeyman MiFi)
 15368 | Lair:2   | Lost mutation: Your spells are a little harder to cast, but
                  | a little more powerful. [potion of mutation]
 15368 | Lair:2   | Lost mutation: You are frail. (-10% HP) [potion of
                  | mutation]
 15368 | Lair:2   | Gained mutation: You are frail. (-10% HP) [potion of
                  | mutation]
 15413 | Lair:2   | Found a dark tunnel.
 15424 | Volcano  | Entered a volcano
 15620 | Volcano  | Noticed a fire dragon
 15633 | Volcano  | Killed a fire dragon
 15662 | Volcano  | Found a radiant altar of Vehumet.
 15843 | Lair:2   | Identified the +2 pair of boots "Heutiug" {Str+3}
 16067 | Lair:2   | Received a gift from Okawaru
 16068 | Lair:2   | Found a staircase to the Snake Pit.
 16105 | Lair:2   | Found a staircase to the Shoals.
 16486 | Lair:2   | Noticed Amaemon
 16497 | Lair:2   | Killed Amaemon
 16725 | Lair:3   | Reached skill level 17 in Fighting
 16933 | Lair:3   | Identified the scarf "Aluhuytu" {shadows, rF++ Int-4 Dex+4}
                  | (Okawaru gifted it to you on level 3 of the Lair of Beasts)
 16933 | Lair:3   | Received a gift from Okawaru
 17834 | Lair:4   | Found a runed translucent gate.
 18272 | Lair:4   | Noticed Kirke
 18279 | Lair:4   | Reached XP level 14. HP: 126/126 MP: 23/23
 18417 | Lair:4   | Killed Kirke
 18431 | Lair:4   | Found a runed translucent gate.
 18434 | Lair:4   | Found a runed translucent gate.
 18473 | Lair:4   | Noticed Qejahyen's ghost (journeyman AtMo)
 18496 | Lair:4   | Found a snail-covered altar of Cheibriados.
 18672 | Lair:5   | Entered Level 5 of the Lair of Beasts
 18884 | Lair:5   | Reached skill level 18 in Fighting
 19298 | Lair:5   | Found a burning altar of Makhleb.
 19653 | Lair:5   | Found a runed translucent door.
 19654 | Lair:5   | Found a staircase to the Slime Pits.
 19770 | Lair:5   | Identified the +6 arbalest "Lidifrus" {speed, rElec rN+
                  | Str-3 Dex+4}
 19895 | Lair:5   | Received a gift from Okawaru
 20338 | Lair:1   | Identified the +1 robe of Foolhardiness {Harm rN+}
 20411 | Orc:1    | Entered Level 1 of the Orcish Mines
 20426 | Orc:1    | Found Siuth's Assorted Antiques.
 20440 | Orc:1    | Bought a potion of curing for 102 gold pieces
 20443 | Orc:1    | Found Buluhe's Antique Armour Emporium.
 20451 | Orc:1    | Bought a pair of embroidered gloves for 232 gold pieces
 20556 | Orc:1    | Found Agowk's General Store.
 20590 | Orc:1    | Bought a potion of heal wounds for 65 gold pieces
 20590 | Orc:1    | Bought a scroll of blinking for 97 gold pieces
 20982 | Orc:1    | Found Wigi's General Store.
 20991 | Orc:1    | Bought a potion of curing for 42 gold pieces
 21052 | Orc:1    | Found Ickykexo's Magic Scroll Shop.
 21060 | Orc:1    | Bought a scroll of blinking for 105 gold pieces
 21074 | Orc:2    | Entered Level 2 of the Orcish Mines
 21452 | Orc:2    | Noticed an orc warlord
 21453 | Orc:2    | Reached XP level 15. HP: 75/135 MP: 23/25
 21472 | Orc:2    | Reached skill level 19 in Fighting
 21480 | Orc:2    | Mangled by an orc warlord

Illustrated notes

Levels and vault maps discovered:
D:1:      onia_arrival_mini_maze, layout_basic
D:2:      minmay_razor_zed, layout_basic, dreamdust_ecumenical_altar_statues,
          basic_altar, minmay_tripent, uniq_jessica
D:3:      layout_loops_corners, mainiacjoe_overflow_concentric_impassable,
          nicolae_ashenzari_skybound, nicolae_concentric_dashed_squares_wild,
          chequers_decorated_corner
D:4:      layout_cave_pools, nemelex_dance_club_becter, grunt_ministairs_8,
          minmay_manual_maat
D:5:      layout_rooms, kennysheep_mini, nicolae_vehumet_altar_sigil, uniq_pikel
D:6:      layout_basic, nicolae_tso_besieged_by_evil, minmay_misc_feat_room,
          dk_vineyard_3
D:7:      layout_cave_pools, mainiacjoe_overflow_six_doors_small,
          mainiacjoe_overflow_24_doors, minmay_temple_entry_glassed_door,
          uniq_maggie
D:8:      layout_loops_ring, old_standard_altar, minmay_starry_boxes
D:9:      layout_roguey, nicolae_overflow_crystal_walls, old_standard_altar,
          minmay_lair_entry_grove, serial_corexii_hall, chequers_hall_statues_y,
          corexii_hall_statues_l, enter_bailey_5, uniq_gastronok
D:10:     layout_rooms, nicolae_trove_entry_diagonal
D:11:     layout_basic, zombieorc2_lemuel, elyvilon_altar_1
D:12:     layout_basic, lemuel_flamethrower_1
D:13:     layout_basic, grunt_vaults_entry_fortified, gammafunk_ghost_arena
Lair:1:   layout_concentric_octagons, ebering_ghost_funeral_grove,
          chequers_serial_rivers_micro_d
Lair:2:   beast_lair_carwin_large_2, layout_gridlike,
          minmay_shoals_entry_lonely_mermaid, nicolae_snake_entry_squirm,
          nicolae_volcano_entry_hallway, minivault_27, serial_bayou_shore_b,
          lemuel_fruit_tree, serial_bayou_shore_b, uniq_prince_ribbit2,
          uniq_amaemon
Lair:3:   layout_misc_corridors, infiniplex_staircase_pool_2
Lair:4:   layout_misc_corridors, gammafunk_ghost_icy, basic_altar, uniq_kirke
Lair:5:   minmay_lair_end_frog_pond, layout_regular_city, slime_entry_2,
          basic_altar
Orc:1:    layout_caves, serial_shops, nicolae_shop_pleasant_corner_grove, shop,
          shop, nicolae_shop_statue_plus, nicolae_shop_advertising_works
          [nicolae_subvault_shop_adworks], abandoned_shop, bh_open_orc_temple
Orc:2:    st_orc_congregation, layout_diamond_mine

Skill      XL: |  1  2  3  4  5  6  7  8  9 10 11 12 13 14 15 |
---------------+----------------------------------------------+-----
Ranged Weapons | 4 5 7 8 10 11 12 13 14 | 14.8
Fighting       | 3 4 6 8 10 12 14 16 17 18 19 | 19.0
Invocations    | 1 3 5 7 8 10 11 12 13 | 13.6
Stealth        | 3 6 7 9 |  9.5
Dodging        | 4 6 7 8 |  8.9

Action                     |  1- 3 |  4- 6 |  7- 9 | 10-12 | 13-15 || total
---------------------------+-------+-------+-------+-------+-------++-------
  Melee: Shortbow          |       |     2 |       |       |       ||     2
   Fire: Shortbow          |   101 |   340 |   465 |    27 |       ||   933
         Orcbow            |       |       |       |   758 |   179 ||   937
         Longbow           |       |       |       |       |   551 ||   551
         Arbalest          |       |       |       |       |   322 ||   322
 Invoke: Heroism           |       |     1 |     8 |     9 |     6 ||    24
         Finesse           |       |       |       |       |     3 ||     3
Ability: Breathe Steam     |       |       |     6 |    22 |    20 ||    48
  Evoke: Wand              |       |       |     6 |       |     1 ||     7
    Use: Potion            |       |     7 |     5 |       |     1 ||    13
         Scroll            |       |       |       |    19 |     8 ||    27
 Armour: Skin              |     4 |    66 |    53 |   101 |   167 ||   391
  Dodge: Dodged            |    17 |   114 |   151 |   197 |   325 ||   804

Table legend: (Time is in decaauts)
 A = Elapsed time spent in this place.
 B = Non-inter-level travel time spent in this place.
 C = Inter-level travel time spent in this place.
 D = Time resting spent in this place.
 E = Time spent auto-exploring this place.
 F = Levels seen in this place.
 G = Mean time per level.
                   A        B        C        D        E       F      G
               +--------+--------+--------+--------+--------+-----+--------+
         Total |  21225 |  20438 |    787 |      0 |  16338 |  21 | 1010.7 |
       Dungeon |  14536 |  13976 |    560 |      0 |  11286 |  13 | 1118.2 |
          Lair |   5463 |   5243 |    220 |      0 |   4314 |   5 | 1092.6 |
  Orcish Mines |    971 |    965 |      6 |      0 |    692 |   2 |  485.5 |
       Volcano |    253 |    253 |      0 |      0 |     46 |   1 |  253.0 |
               +--------+--------+--------+--------+--------+-----+--------+

Top non-repeatable levels by time:
    D:12: 1604 daAuts
    D:13: 1510 daAuts
  Lair:5: 1505 daAuts
     D:8: 1392 daAuts
     D:9: 1388 daAuts
     D:2: 1356 daAuts
     D:6: 1315 daAuts
    D:11: 1247 daAuts
  Lair:2: 1240 daAuts
  Lair:3: 1185 daAuts
     D:4: 903 daAuts
     D:3: 848 daAuts
  Lair:4: 846 daAuts
     D:1: 831 daAuts
     D:7: 792 daAuts
